 Dungeon Crawl Stone Soup version 0.28.0-45-g0d030f2227 (webtiles) character file.

Game seed: 13070007576698958916

12021 MisterFreud the Fighter (level 9, -13/84 HPs)
             Began as a White Draconian Transmuter on May 23, 2022.
             Was a High Priest of Ru.
             Shot with an arrow by a centaur warrior (32 damage)
             ... on level 11 of the Dungeon.
             The game lasted 00:20:58 (13445 turns).

MisterFreud the Fighter (DrTm)                     Turns: 13445, Time: 00:20:58

Health: -13/84     AC: 10    Str: 13    XL:     9   Next: 57%
Magic:  14/15      EV: 14    Int: 22    God:    Ru [*****.]
Gold:   509        SH:  5    Dex: 13    Spells: 7/16 levels left

rFire   . . .      SeeInvis .     - Unarmed
rCold   + . .      Faith    .   (no shield)
rNeg    . . .      Spirit   .   (armour unavailable)
rPois   .          Reflect  +   (helmet restricted)
rElec   +          Harm     .   g - +1 cloak
rCorr   +          Rampage  .   (no gloves)
Will    .....                   i - +0 pair of boots
Stlth   +.........              f - amulet "Myuhegg" {Reflect rElec rCorr SH+5}
HPRegen 0.24/turn               C - +6 ring of intelligence
MPRegen 0.14/turn               (no ring)

@: no status effects
A: breathe frost, AC +7, unfitting armour, cold resistance 1, cold-blooded,
hated by all, unskilled 1, inexperienced 1
a: Breathe Frost, Renounce Religion, Draw Out Power, Power Leap, Apocalypse


You were on level 11 of the Dungeon.
You worshipped Ru.
Ru was extremely pleased with you.
You visited 2 branches of the dungeon, and saw 13 of its levels.

You collected 509 gold pieces.

Inventory:

Hand Weapons
 F - the +8 dagger of Premature Burial {vorpal, rN+ Will+}
   (You found it on level 9 of the Dungeon)

   It inflicts extra damage upon your enemies.
   rN:        It protects you from negative energy.
   Will:      It increases your willpower.
Missiles
 e - 2 throwing nets
 m - 9 boomerangs
 o - 3 datura-tipped darts
 r - 7 curare-tipped darts
 v - 26 poisoned darts
Armour
 g - a +1 cloak (worn)
 i - a +0 pair of boots (worn)
 n - a scarf of resistance
Jewellery
 f - the amulet "Myuhegg" (around neck) {Reflect rElec rCorr SH+5}
   (You acquired it on level 2 of the Dungeon)

   [amulet of reflection]

   It reflects blocked missile attacks.
   rElec:     It insulates you from electricity.
   rCorr:     It protects you from acid and corrosion.
   SH:        It affects your SH (+5).
 p - an amulet of the acrobat
 C - a +6 ring of intelligence (left hand)
Wands
 j - a wand of paralysis (11)
 A - a wand of iceblast (15)
 H - a wand of polymorph (3)
Scrolls
 b - 3 scrolls of immolation
 d - a scroll of torment {unknown}
 h - 2 scrolls of enchant armour
 k - a scroll of fog {unknown}
 l - a scroll of enchant weapon
 q - 2 scrolls of fear
 y - a scroll of magic mapping
 D - 2 scrolls of blinking
Potions
 a - 2 potions of attraction
 c - 2 potions of mutation
 s - a potion of resistance
 t - a potion of lignification {unknown}
 u - 2 potions of magic
 w - 2 potions of haste
 x - a potion of brilliance
 z - a potion of experience {unknown}
 B - a potion of flight {unknown}
 G - 3 potions of curing
 I - a potion of berserk rage {unknown}


   Skills:
 + Level 9.6 Fighting
 + Level 6.1 Dodging
 + Level 9.5 Unarmed Combat
 - Level 4.0 Spellcasting
 + Level 7.8 Transmutations
 - Level 4.0 Ice Magic
 + Level 2.7 Evocations


You had 7 spell levels left.
You knew the following spells:

 Your Spells              Type           Power      Damage    Failure   Level
a - Ice Form              Ice/Tmut       30%        N/A       10%         4
b - Wereblood             Tmut           38%        N/A       1%          2
c - Spider Form           Tmut/Pois      21%        N/A       7%          3

Your spell library contained the following spells:

 Spells                   Type           Power      Damage    Failure   Level
 Beastly Appendage        Tmut           76%        N/A       1%          1
 Passwall                 Tmut/Erth      17%        N/A       3%          2
 Ensorcelled Hibernation  Hex/Ice        26%        N/A       8%          2
 Apportation              Tloc           8%         N/A       11%         1
 Blink                    Tloc           8%         N/A       17%         2
 Lesser Beckoning         Tloc           4%         N/A       32%         3
 Swiftness                Air            4%         N/A       32%         3
 Manifold Assault         Tloc           4%         N/A       97%         5
 Borgnjor's Revivificati  Necr           2%         N/A       100%        8
 Necromutation            Tmut/Necr      10%        N/A       100%        8
 Death's Door             Necr           2%         N/A       100%        9
 Animate Skeleton         Necr           Unusable   N/A       N/A         1
 Summon Small Mammal      Summ           Unusable   N/A       N/A         1

Dungeon Overview and Level Annotations

Branches:
Dungeon (12/15)            Temple (1/1) D:4            Lair (0/6) D:8
    Orc (0/2) D:10

Altars:
Ashenzari
Dithmenos
Elyvilon
Fedhas
Gozag
Hepliaklqana
Kikubaaqudgha
Makhleb
Nemelex Xobeh
Okawaru
Qazlal
Ru
Sif Muna
Trog
Uskayaw
Vehumet
Wu Jian
Xom
Yredelemnul
Zin
The Shining One
Beogh

Annotations:
D:6 2 transporters
D:11 2 runed translucent doors, shugdite's ghost, journeyman MiFi


Innate Abilities, Weirdness & Mutations

You can breathe waves of freezing cold which knock back foes.
Your icy white scales are hard. (AC +7)
You cannot fit into any form of body armour.
Your flesh is cold resistant. (rC+)
You are cold-blooded and may be slowed by cold attacks.
You are hated by all.
You are somewhat unskilled. (-1 Apt)
You are somewhat inexperienced. (-2 XL)


Message History

+0 acid dragon scales; an acid dragon corpse You start resting.
A troll comes into view.
A troll is nearby!
You punch the troll! You freeze the troll.
The troll is lightly wounded.
The troll is stunned by your conviction and fails to attack.
You punch the troll! You freeze the troll.
The troll is heavily wounded.
The troll bites you. The troll misses you. The troll claws you!
* * * LOW HITPOINT WARNING * * *
You punch the troll! You freeze the troll.
The troll is almost dead.
The troll bites you.
* * * LOW HITPOINT WARNING * * *
The troll claws you!
* * * LOW HITPOINT WARNING * * *
The troll claws you.
* * * LOW HITPOINT WARNING * * *
You barely miss the troll.
The troll is almost dead.
Unknown command.
You hit the troll. You freeze the troll.
You kill the troll!
You start resting.
Your transformation is almost over.
You warm up again.
Your +1 cloak unmelds from your body.
Your +0 pair of boots unmelds from your body.
You start resting.
A centaur warrior comes into view.
The centaur warrior wields a +0 longbow.
The centaur warrior shoots an arrow.
You reflect the arrow off an invisible shield around you!
The arrow hits the centaur warrior!
The centaur warrior shoots an arrow.
You reflect the arrow off an invisible shield around you!
The arrow hits the centaur warrior!!
The centaur warrior shoots an arrow.
The arrow hits you!!
You die...

....####......'.........'.#
...........##.#.#.#.#.#.#.#
...........#..#.........#
...........#..#.#.#.#.#.#
...).......##.#.........#
..............#####(#####
..................[.....#
........................#
................@.......#
...........#########...c#
......)....# ....'.
...........# ....#..
...........# #....#..
...........# #....#
...........###### #....#
...<#+#####.....# #....####
....#.....#.....#..#........


You could see a centaur warrior.

Vanquished Creatures
  Erica (D:8)
  A two-headed ogre (D:11)
  A skeletal warrior (D:11)
  Pikel (D:5)
  A cyclops (D:11)
  A manticore (D:11)
  Maurice (D:9)
  A komodo dragon (D:11)
  3 trolls (D:11)
  A slime creature (D:10)
  Sigmund (D:5)
  A meliai zombie (D:11)
  2 shadows
  10 yaks
  4 wyverns
  A steam dragon (D:8)
  3 acid dragons
  5 water moccasins
  Duvessa (D:5)
  2 orc warriors (D:8)
  2 sky beasts (D:5)
  A necrophage (D:7)
  An ogre (D:5)
  4 centaurs
  5 kobold brigands
  2 bullfrogs (D:7)
  A scorpion (D:4)
  Dowan (D:5)
  14 killer bees
  10 wights
  3 howler monkeys
  2 centaur zombies
  9 orc priests
  A centaur skeleton (D:4)
  2 gnoll shamans
  A bullfrog skeleton (D:6)
  4 hounds
  3 iguanas
  11 orc wizards
  9 gnolls
  A howler monkey zombie (D:9)
  An adder (D:4)
  A white imp (D:7)
  An ufetubus (D:5)
  An adder skeleton (D:4)
  2 worms
  3 dart slugs
  28 orcs
  4 endoplasms
  3 giant cockroaches (D:1)
  8 goblins
  A hobgoblin (D:4)
  25 kobolds
  6 quokkas
  4 ball pythons
  6 bats
  A frilled lizard (D:1)
  A jackal skeleton (D:4)
  9 rats
234 creatures vanquished.

Vanquished Creatures (others)
  A bullfrog (D:7)
  A killer bee (D:9)
  A kobold (D:8)
  4 fungi (D:8)
  17 plants (D:8)
24 creatures vanquished.

Grand Total: 258 creatures vanquished

Notes
Turn   | Place    | Note
-------+----------+-------------------------------------------
     0 | D:1      | MisterFreud the Draconian Transmuter began the quest for
                  | the Orb.
     0 | D:1      | Reached XP level 1. HP: 16/16 MP: 3/3
    62 | D:1      | Reached XP level 2. HP: 15/23 MP: 3/5
   615 | D:1      | Found a faded altar of an unknown god.
   698 | D:1      | Reached XP level 3. HP: 26/28 MP: 4/6
  1193 | D:3      | Learned a level 2 spell: Wereblood
  1197 | D:3      | Learned a level 3 spell: Spider Form
  1736 | D:2      | Reached XP level 4. HP: 29/35 MP: 3/7
  2367 | D:2      | Identified a scroll of acquirement
  2367 | D:2      | Acquired the amulet "Myuhegg" {Reflect rElec rCorr SH+5}
  2893 | D:4      | Reached skill level 5 in Transmutations
  2904 | D:4      | Reached XP level 5. HP: 36/40 MP: 4/8
  3253 | D:3      | Reached XP level 6. HP: 18/51 MP: 6/9
  3986 | D:4      | Found a staircase to the Ecumenical Temple.
  4008 | Temple   | Entered the Ecumenical Temple
  4133 | Temple   | Became a worshipper of Ru the Awakened
  4380 | D:5      | Entered Level 5 of the Dungeon
  4453 | D:5      | Noticed Sigmund
  4465 | D:5      | Killed Sigmund
  4466 | D:5      | Reached skill level 5 in Unarmed Combat
  4466 | D:5      | Your scales start taking on an icy white colour.
  4466 | D:5      | Reached XP level 7. HP: 49/59 MP: 7/10
  4466 | D:5      | Gained mutation: Your flesh is cold resistant. (rC+) [White
                  | Draconian growth]
  4479 | D:5      | Learned a level 4 spell: Ice Form
  4606 | D:5      | Noticed Pikel
  4628 | D:5      | Killed Pikel
  4629 | D:5      | Reached XP level 8. HP: 34/66 MP: 6/11
  5273 | D:5      | Noticed Duvessa
  5273 | D:5      | Noticed Dowan
  5278 | D:5      | Killed Duvessa
  5281 | D:5      | Killed Dowan
  6094 | D:6      | Found a radiant altar of Vehumet.
  6130 | D:6      | Gained mutation: You are somewhat inexperienced. (-2 XL)
                  | [Ru sacrifice]
  6130 | D:6      | Reached XP level 7. HP: 59/59 MP: 12/12
  6130 | D:6      | Reached XP level 6. HP: 52/52 MP: 11/11
  6130 | D:6      | Reached * piety under Ru
  6130 | D:6      | Reached ** piety under Ru
  6133 | D:6      | Found a transporter.
  6327 | D:6      | Found a basalt altar of Yredelemnul.
  6366 | D:6      | Found an opulent altar of Gozag.
  6441 | D:6      | Found an iron altar of Okawaru.
  6470 | D:6      | Found a burning altar of Makhleb.
  6472 | D:6      | Found a shimmering altar of Xom.
  6521 | D:6      | Found a transporter.
  6683 | D:7      | Reached XP level 7. HP: 59/59 MP: 7/12
  7279 | D:7      | Reached skill level 5 in Dodging
  7617 | D:8      | Found a staircase to the Lair.
  8125 | D:8      | Reached skill level 5 in Fighting
  8327 | D:8      | Reached XP level 8. HP: 70/70 MP: 9/14
  8682 | D:8      | Noticed Erica
  8951 | D:8      | You fall into a shaft and drop 3 floors!
  8951 | D:11     | Noticed a two-headed ogre
  8960 | D:11     | Killed a two-headed ogre
  8985 | D:10     | Entered Level 10 of the Dungeon
  9035 | D:10     | Noticed a skeletal warrior
  9037 | D:10     | Noticed a skeletal warrior
  9067 | D:10     | HP: 3/85 [killer bee (2)]
  9434 | D:10     | Gained mutation: You are hated by all. [Ru sacrifice]
  9434 | D:10     | Reached *** piety under Ru
  9489 | D:10     | Found a staircase to the Orcish Mines.
  9796 | D:9      | Reached skill level 10 in Unarmed Combat
 10301 | D:8      | Killed Erica
 10996 | D:9      | Found the +7 Throatcutter {drain, coup de grace}
 11358 | D:9      | Identified the +8 dagger of Premature Burial {vorpal, rN+
                  | Will+}
 11441 | D:9      | Reached XP level 9. HP: 69/85 MP: 15/15
 11598 | D:9      | Noticed Maurice
 11604 | D:9      | Paralysed by Maurice for 3 turns
 11615 | D:9      | Killed Maurice
 11616 | D:9      | Reached skill level 10 in Fighting
 12168 | D:10     | Reached skill level 1 in Evocations
 12183 | D:10     | Gained mutation: You are somewhat unskilled. (-1 Apt) [Ru
                  | sacrifice]
 12183 | D:10     | Reduced skill Dodging to level 5
 12183 | D:10     | Reached **** piety under Ru
 12183 | D:10     | Reached ***** piety under Ru
 12354 | D:10     | Reached skill level 1 in Evocations
 12494 | D:10     | Noticed a skeletal warrior
 12496 | D:10     | Noticed a skeletal warrior
 12505 | D:11     | Killed a skeletal warrior
 12552 | D:11     | Found a large runed translucent door.
 12552 | D:11     | Found a large runed translucent door.
 12556 | D:11     | Noticed shugdite's ghost (journeyman MiFi)
 13443 | D:11     | Noticed a centaur warrior
 13445 | D:11     | Shot with an arrow by a centaur warrior

Illustrated notes

Levels and vault maps discovered:
D:1:      evilmike_arrival_crescent, layout_rooms,
          hellmonk_ecumenical_altar_crossroads
D:2:      layout_basic, corexii_shack
D:3:      layout_basic, grunt_decor_one_mirror, kennysheep_cluttered_room
D:4:      layout_loops_ring, minmay_temple_entry_ruins
D:5:      layout_basic, uniq_duvessa, uniq_sigmund, uniq_pikel
D:6:      gammafunk_cloud_chamber, layout_loops_ring, mainiacjoe_overflow_swirl,
          minitemple, serial_bayou_crossing
D:7:      layout_loops_ring
D:8:      layout_rooms, minmay_lair_entry_grove, uniq_erica
D:9:      layout_stronghold, uniq_maurice
D:10:     layout_layer_cave, mainiacjoe_overflow_alcove_2,
          minmay_orc_entry_temple_small, chequers_mini_garden
D:11:     minmay_the_grid_net [minmay_the_grid_aliased_spiral,
          minmay_the_grid_x, minmay_the_grid_minigrid_small,
          minmay_the_grid_rooms, minmay_the_grid_dragon_b,
          minmay_the_grid_prize_shrinking_boxes], layout_gridville,
          ebering_ghost_disaster_area
D:12:     hangedman_what_comes_after_a, layout_irregular_city,
          gammafunk_ghost_hive, hangedman_ranch
Temple:   regret_index_temple_waves

Skill      XL: |  1  2  3  4  5  6  7  8  9 |
---------------+----------------------------+-----
Transmutations | 3 4 5 6 8 7 |  7.8
Fighting       | 3 4 5 9 9 |  9.6
Unarmed Combat | 4 5 8 10 9 |  9.5
Ice Magic      | 3 4 4 |  4.0
Dodging        | 6 3 6 |  6.1
Spellcasting   | 4 3 4 |  4.0
Evocations     | 2 |  2.7

Action                   |  1- 3 |  4- 6 |  7- 9 || total
-------------------------+-------+-------+-------++-------
Melee: Unarmed           |   107 |   146 |   469 ||   722
       Kick              |    21 |     4 |       ||    25
       Headbutt          |     8 |     3 |       ||    11
       Tailslap          |    10 |     5 |     2 ||    17
       Punch             |     2 |     1 |     1 ||     4
 Cast: Beastly Appendage |    26 |     6 |       ||    32
       Spider Form       |     2 |    14 |     7 ||    23
       Ice Form          |       |     2 |    46 ||    48
Invok: Sacrifice Experie |       |     1 |       ||     1
       Draw Out Power    |       |       |     1 ||     1
       Sacrifice Love    |       |       |     1 ||     1
       Apocalypse        |       |       |     1 ||     1
       Sacrifice Skill   |       |       |     1 ||     1
 Abil: End Transformatio |       |       |     1 ||     1
Evoke: Wand              |       |       |     4 ||     4
  Use: Scroll            |       |    11 |    11 ||    22
       Potion            |       |       |     8 ||     8
 Stab: Distracted        |     1 |       |     1 ||     2
       Invisible         |       |       |     2 ||     2
       Paralysed         |       |       |     1 ||     1
Armor: Skin              |    37 |    33 |   115 ||   185
Dodge: Dodged            |    59 |   101 |   217 ||   377
Block: Other             |       |    25 |   103 ||   128
       Reflection        |       |     2 |    10 ||    12
